 Dungeon Sprint DCSS version 0.19-a0-1553-g64c24c3 (webtiles) character file.

268 poirepourri the Unseen (level 6, -2/28 HPs)
             Began as a Spriggan Enchanter on Sept 14, 2016.
             Was a Follower of Dithmenos.
             Killed from afar by a burning bush (12 damage)
             ... with a puff of flame
             ... in the Dungeon (Sprint IV: "Fedhas' Mad Dash").
             The game lasted 00:01:33 (157 turns).

poirepourri the Unseen (Spriggan Enchanter)          Turns: 157, Time: 00:01:33

Health: -2/28      AC:  3    Str:  4    XL:     6   Next: 1%
Magic:  11/11      EV: 24    Int: 16    God:    Dithmenos [*.....]
Gold:   118        SH:  0    Dex: 19    Spells: 4 memorised, 1 level left

rFire  . . .     SeeInvis +     l - +0 rapier
rCold  . . .     Gourm    .     m - +1 robe {rN+}
rNeg   + . .     Faith    .     (shield restricted)
rPois  .         Spirit   .     (helmet restricted)
rElec  .         Dismiss  .     (no cloak)
rCorr  .         Reflect  .     (gloves unavailable)
MR     +....     Harm     .     (boots unavailable)
Stlth  +++++++++. NoTele   +    k - amulet of invisibility {+Inv}
                                (no ring)
                                (no ring)

@: wreathed by umbra, very quick
A: unfitting armour, see invisible, herbivore 3, speed 3, slow metabolism 2
a: Renounce Religion, Evoke Invisibility


You were in the Dungeon.
You worshipped Dithmenos.
Dithmenos was aware of your devotion.
You were not hungry.

You visited 1 branch You collected 118 gold pieces.

Inventory:

Hand Weapons
 a - a +1 dagger
 l - a +0 rapier (weapon)
Armour
 b - a +1 robe
 m - a +1 robe of positive energy (worn)
Jewellery
 k - the amulet of invisibility (around neck) {+Inv}
   (You found it in the Dungeon)

   [amulet of nothing]

   It lets you turn invisible.
Scrolls
 j - a scroll of blinking
Potions
 e - a potion of curing
 f - a potion of heal wounds
 g - a potion of haste
 h - 2 potions of magic
 i - a potion of berserk rage
Books
 c - a book of Maledictions

   Spells                             Type                      Level
   a - Corona                         Hexes                        1
   b - Ensorcelled Hibernation        Hexes/Ice                    2
   c - Confuse                        Hexes                        3
   d - Tukima's Dance                 Hexes                        3
   e - Dazzling Spray                 Conjuration/Hexes            3
Comestibles
 d - a bread ration


   Skills:
 + Level 4.5 Short Blades
 + Level 7.7 Dodging
 + Level 15.8 Stealth
 - Level 2.6 Spellcasting
 - Level 3.6 Hexes


You had one spell level left.
You knew the following spells:

 Your Spells              Type           Power        Failure   Level  Hunger
a - Corona                Hex            ##.....      6%          1    #......
b - Ensorcelled Hibernat  Hex/Ice        #.....       17%         2    ##.....
c - Confuse               Hex            ##......     14%         3    ###....
d - Tukima's Dance        Hex            ##......     14%         3    ###....


Dungeon Overview and Level Annotations

Branches:
Dungeon (1/1)

Altars:
Cheibriados
Dithmenos
Elyvilon
Gozag
Hepliaklqana
Kikubaaqudgha
Makhleb
Nemelex Xobeh
Okawaru
Qazlal
Ru
Sif Muna
Trog
Uskayaw
Vehumet
Xom
Yredelemnul
Zin
The Shining One
Beogh
Jiyva
Lugonu

Shops:
D *[


Innate Abilities, Weirdness & Mutations

You are tiny and cannot use many weapons and most armour.
You have supernaturally acute eyesight. (SInv)
You are a herbivore.
You cover ground extremely quickly.
You need consume almost no food.


Message History

There is an open door here.
Unknown command.
There is an entrance to Angic's Antique Armour Shop here.
There is an entrance to Ezeli's General Store here.
There is an entrance to Angic's Antique Armour Shop here.
There is an entrance to Ezeli's General Store here.
There is an entrance to Angic's Antique Armour Shop here.
You now have 118 gold pieces (gained 7).
You open the door.
A wandering mushroom and a burning bush come into view.
Found a scroll labeled HUSUFAIHOI and a scroll of blinking.
A scorpion and a wandering mushroom come into view.
There is an open door here.
The wandering mushroom releases spores at you!!
Ouch! That really hurt!
You are engulfed in a cloud of spores!
The scorpion moves out of view.
The burning bush throws fire at you. The puff of flame hits you!
You die...

#####################
_._._.⌠.#..'.).#....#
._._._..'§.#.†.#.f.P+
_._._...#.§###'##.??#
._._._..#§§##∩∩.@..f#
_._._.⌠.#############
#########


You could see 2 wandering mushrooms and a burning bush.

Vanquished Creatures
  A scorpion (D)
  4 oklob saplings (D)
  A worker ant (D)
  2 spriggans (D)
  A river rat (D)
  A rat (D)
10 creatures vanquished.

Notes
Turn   | Place    | Note
-------+----------+-------------------------------------------
     0 | D        | poirepourri the Spriggan Enchanter began the quest for the Orb.
     0 | D        | Reached XP level 1. HP: 9/9 MP: 5/5
     8 | D        | Reached skill level 7 in Stealth
     8 | D        | Reached XP level 2. HP: 13/13 MP: 6/6
    15 | D        | Learned a level 2 spell: Ensorcelled Hibernation
    17 | D        | Noticed an oklob sapling
    19 | D        | Killed an oklob sapling
    19 | D        | Reached skill level 9 in Stealth
    19 | D        | Reached XP level 3. HP: 16/16 MP: 8/8
    24 | D        | Reached skill level 5 in Dodging
    24 | D        | Reached skill level 10 in Stealth
    42 | D        | Learned a level 3 spell: Confuse
    42 | D        | Found an opulent altar of Gozag.
    42 | D        | Found a hazy altar of Hepliaklqana.
    42 | D        | Found a burning altar of Makhleb.
    42 | D        | Found a sparkling altar of Nemelex Xobeh.
    42 | D        | Found a sacrificial altar of Ru.
    42 | D        | Found a deep blue altar of Sif Muna.
    42 | D        | Found a shimmering altar of Xom.
    42 | D        | Found a basalt altar of Yredelemnul.
    43 | D        | Found a viscous altar of Jiyva.
    43 | D        | Found a roughly hewn altar of Beogh.
    43 | D        | Found a snail-covered altar of Cheibriados.
    43 | D        | Found a bloodstained altar of Trog.
    43 | D        | Noticed an oklob sapling priest
    44 | D        | Found an iron altar of Okawaru.
    44 | D        | Found a shadowy altar of Dithmenos.
    44 | D        | Found a glowing silver altar of Zin.
    45 | D        | Found a hide-covered altar of Uskayaw.
    45 | D        | Found an ancient bone altar of Kikubaaqudgha.
    46 | D        | Found a stormy altar of Qazlal.
    46 | D        | Found a glowing golden altar of the Shining One.
    46 | D        | Found a white marble altar of Elyvilon.
    47 | D        | Found a radiant altar of Vehumet.
    47 | D        | Found a corrupted altar of Lugonu.
    50 | D        | Killed an oklob sapling priest
    50 | D        | Reached skill level 12 in Stealth
    50 | D        | Reached XP level 4. HP: 21/21 MP: 9/9
    55 | D        | Became a worshipper of Dithmenos the Shadowed
    70 | D        | Reached skill level 13 in Stealth
    70 | D        | Reached XP level 5. HP: 24/24 MP: 10/10
   100 | D        | Reached skill level 14 in Stealth
   114 | D        | Learned a level 3 spell: Tukima's Dance
   120 | D        | Reached * piety under Dithmenos
   121 | D        | Reached skill level 15 in Stealth
   123 | D        | Reached XP level 6. HP: 28/28 MP: 11/11
   145 | D        | Found Angic's Antique Armour Shop.
   145 | D        | Found Ezeli's General Store.
   154 | D        | Noticed a burning bush
   154 | D        | Noticed a wandering mushroom
   155 | D        | Noticed a wandering mushroom
   157 | D        | Killed from afar by a burning bush

Vault maps used:
D:        dungeon_sprint_fedhas

Skill      XL: |  1  2  3  4  5 |
---------------+----------------+-----
Stealth        | 7 9 12 13 15 | 15.8
Short Blades   | 2 3 4 |  4.5
Dodging        | 4 6 7 |  7.7
Spellcasting   | |  2.6
Hexes          | |  3.6

Action                   |  1- 3 |  4- 6 || total
-------------------------+-------+-------++-------
Melee: Dagger            |     6 |     5 ||    11
  Use: Scroll            |       |     2 ||     2
 Stab: Sleeping          |     4 |     5 ||     9
Dodge: Dodged            |     3 |       ||     3
